 Dungeon Crawl Stone Soup version 0.30-a0-371-gad7725a93e (webtiles) character file.

Game seed: 12868046158067895315

835 McGhostyFace the Chucker (level 7, 0/60 HPs)
             Began as a Gnoll Wanderer on Nov 21, 2022.
             Shot with an arrow by a centaur (17 damage)
             ... on level 6 of the Dungeon.
             The game lasted 00:09:00 (4834 turns).

McGhostyFace the Chucker (Gnoll Wanderer)           Turns: 4834, Time: 00:09:00

Health: 0/60       AC:  8    Str: 21    XL:     7   Next: 98%
Magic:  11/11      EV: 12    Int:  9    God:
Gold:   310        SH:  0    Dex: 12    Spells: 11/11 levels left

rFire   . . .      SeeInvis .    d - +2 dagger (venom)
rCold   . . .      Faith    .    (no shield)
rNeg    + . .      Spirit   .    f - +0 leather armour
rPois   .          Reflect  .    q - +0 helmet
rElec   .          Harm     .    C - +0 cloak
rCorr   .          Rampage  .    B - +2 pair of gloves
Will    .....                    (no boots)
Stlth   ++........               (no amulet)
HPRegen 0.30/turn                z - ring of positive energy
MPRegen 0.12/turn                D - +6 ring of strength

@: no status effects
A: fangs 1, strong nose, distributed training
a: no special abilities


You were on level 6 of the Dungeon.
You visited 1 branch of the dungeon, and saw 6 of its levels.

You collected 310 gold pieces.

Inventory:

Hand Weapons
 d - a +2 dagger of venom (weapon)
Missiles
 b - 4 curare-tipped darts
 u - 8 poisoned darts (quivered)
Armour
 f - a +0 leather armour (worn)
 q - a +0 helmet (worn)
 B - a +2 pair of gloves (worn)
 C - a +0 cloak (worn)
Jewellery
 z - a ring of positive energy (left hand)
 D - a +6 ring of strength (right hand)
Scrolls
 h - a scroll of summoning {unknown}
 i - 2 scrolls of enchant armour {unknown}
 k - 3 scrolls of torment {unknown}
 l - 3 scrolls of identify {unknown}
 o - 2 scrolls of blinking {unknown}
 p - 2 scrolls of magic mapping {unknown}
 r - 4 scrolls of teleportation {unknown}
 v - a scroll of poison {unknown}
 x - a scroll of amnesia {unknown}
 y - 2 scrolls of fear {unknown}
Potions
 a - a potion of haste {unknown}
 c - a potion of resistance {unknown}
 e - 6 potions of heal wounds
 g - 2 potions of curing {unknown}
 j - 4 potions of magic {unknown}
 m - a potion of attraction {unknown}
 n - a potion of invisibility {unknown}
 s - 2 potions of ambrosia {unknown}
 t - 2 potions of brilliance {unknown}
 w - a potion of might {unknown}
 A - a potion of flight {unknown}


   Skills:
 + Level 7.2 Fighting
 + Level 7.2 Short Blades
 + Level 2.9 Long Blades
 + Level 2.9 Axes
 + Level 2.9 Maces & Flails
 + Level 2.9 Polearms
 + Level 2.9 Staves
 + Level 2.9 Ranged Weapons
 + Level 7.2 Throwing
 + Level 2.9 Armour
 + Level 2.9 Dodging
 + Level 3.8 Stealth
 + Level 2.9 Shields
 + Level 2.9 Unarmed Combat
 + Level 2.9 Spellcasting
 + Level 2.3 Conjurations
 + Level 2.3 Hexes
 + Level 2.3 Summonings
 + Level 2.3 Necromancy
 + Level 2.3 Translocations
 + Level 2.3 Transmutations
 + Level 2.3 Fire Magic
 + Level 2.3 Ice Magic
 + Level 2.3 Air Magic
 + Level 2.3 Earth Magic
 + Level 2.3 Poison Magic
 + Level 3.2 Invocations
 + Level 2.9 Evocations


You had 11 spell levels left.
You didn't know any spells.
Your spell library contained the following spells:

 Spells                   Type           Power      Damage    Failure   Level
 Freeze                   Ice            20%        1d4       13%         1
 Summon Small Mammal      Summ           20%        N/A       13%         1
 Call Canine Familiar     Summ           5%         N/A       36%         3
 Frozen Ramparts          Ice            10%        1d2       36%         3
 Hailstorm                Conj/Ice       5%         3d4       36%         3
 Summon Guardian Golem    Hex/Summ       5%         N/A       36%         3
 Borgnjor's Revivificati  Necr           2%         N/A       100%        8
 Necromutation            Tmut/Necr      2%         N/A       100%        8
 Death's Door             Necr           2%         N/A       100%        9


Dungeon Overview and Level Annotations

Branches:
Dungeon (6/15)
 Temple: D:4-7

Altars:
Kikubaaqudgha

Shops:
D:1 (


Innate Abilities, Weirdness & Mutations

You have very sharp teeth.
Your uncanny sense of smell can sniff out nearby items.
Your experience applies equally to all skills.


Message History

You hit the scorpion. Your bite misses the scorpion.
The scorpion is lightly wounded.
The scorpion barely misses you.
You hit the scorpion but do no damage.
The scorpion is poisoned.
You bite the scorpion.
The scorpion is lightly wounded.
The scorpion stings you but does no damage.
You barely miss the scorpion.
The scorpion is lightly wounded.
You closely miss the scorpion.
The scorpion is moderately wounded.
The scorpion misses you.
You hit the scorpion. Your punch misses the scorpion.
The scorpion is heavily wounded.
The scorpion stings you but does no damage.
You closely miss the scorpion. You bite the scorpion.
The scorpion is severely wounded.
You barely miss the scorpion.
The scorpion is almost dead.
The scorpion misses you.
You hit the scorpion.
The scorpion looks as sick as possible!
The scorpion is almost dead.
You kill the scorpion!
No target in view!
You see here a +0 leather armour.
A centaur comes into view.
The centaur wields a +0 shortbow of electrocution.
You hear the crackle of electricity.
The centaur shoots an arrow.
The arrow hits you!
You are electrocuted!
The centaur shoots an arrow.
The arrow hits you.
You are electrocuted!
You are too injured to fight recklessly!
You are too injured to fight recklessly!
You are too injured to fight recklessly!
You are too injured to fight recklessly!
You are too injured to fight recklessly!
Found a stone staircase leading down.
The centaur shoots an arrow.
The arrow closely misses you.
The centaur shoots an arrow.
The arrow hits you.
* * * LOW HITPOINT WARNING * * *
You are electrocuted!
You die...

#.......########
#.####### ## #.#.##
########.
##.###.####.......<
#.## ##.[##.######.
##.###.#.##.# ##
#..#.##....# #
#######.#.########
#### .....c.@...#
#...
#####...........
.....##
#........#### ####
#........#
#........#
##........>
##..##.#### #..# .#


You could see a centaur.

Vanquished Creatures
  A steam dragon (D:5)
  A water moccasin (D:6)
  2 scorpions
  A gnoll bouda (D:5)
  A hound (D:3)
  5 iguanas
  4 orc wizards
  4 gnolls
  4 adders
  A shadow imp (D:4)
  5 dart slugs
  14 orcs
  4 ball pythons
  3 bats
  9 endoplasms
  A giant cockroach (D:3)
  8 goblins
  6 hobgoblins
  5 jackals
  6 kobolds
  3 quokkas
  2 frilled lizards
  6 rats
96 creatures vanquished.

Notes
Turn   | Place    | Note
-------+----------+-------------------------------------------
     0 | D:1      | McGhostyFace the Gnoll Wanderer began the quest for the
                  | Orb.
     0 | D:1      | McGhostyFace set off with the following items: a +2 dagger,
                  | 4 curare-tipped darts, a +0 short sword, a +0 pair of
                  | gloves, a potion of heal wounds, a +0 leather armour.
     0 | D:1      | Reached XP level 1. HP: 23/23 MP: 1/1
   169 | D:1      | Reached XP level 2. HP: 29/29 MP: 2/2
   372 | D:1      | Found Kyalebb's Antique Weapon Shoppe.
   694 | D:2      | Reached XP level 3. HP: 32/35 MP: 3/3
   877 | D:2      | Reached skill level 1 in Invocations
  1186 | D:2      | Reached skill level 1 in Long Blades
  1186 | D:2      | Reached skill level 1 in Axes
  1186 | D:2      | Reached skill level 1 in Maces & Flails
  1186 | D:2      | Reached skill level 1 in Polearms
  1186 | D:2      | Reached skill level 1 in Staves
  1186 | D:2      | Reached skill level 1 in Ranged Weapons
  1186 | D:2      | Reached skill level 1 in Armour
  1186 | D:2      | Reached skill level 1 in Dodging
  1186 | D:2      | Reached skill level 1 in Shields
  1186 | D:2      | Reached skill level 1 in Unarmed Combat
  1186 | D:2      | Reached skill level 1 in Spellcasting
  1186 | D:2      | Reached skill level 1 in Evocations
  1217 | D:2      | Found an ancient bone altar of Kikubaaqudgha.
  1496 | D:3      | Reached XP level 4. HP: 40/41 MP: 5/5
  1745 | D:3      | Reached skill level 1 in Conjurations
  1745 | D:3      | Reached skill level 1 in Hexes
  1745 | D:3      | Reached skill level 1 in Summonings
  1745 | D:3      | Reached skill level 1 in Necromancy
  1745 | D:3      | Reached skill level 1 in Translocations
  1745 | D:3      | Reached skill level 1 in Transmutations
  1745 | D:3      | Reached skill level 1 in Fire Magic
  1745 | D:3      | Reached skill level 1 in Ice Magic
  1745 | D:3      | Reached skill level 1 in Air Magic
  1745 | D:3      | Reached skill level 1 in Earth Magic
  1745 | D:3      | Reached skill level 1 in Poison Magic
  1783 | D:3      | HP: 2/41 [adder (3)]
  2124 | D:3      | Reached XP level 5. HP: 44/47 MP: 7/7
  2684 | D:4      | Reached XP level 6. HP: 31/53 MP: 8/8
  3231 | D:5      | Entered Level 5 of the Dungeon
  3250 | D:5      | Noticed a steam dragon
  3378 | D:5      | Killed a steam dragon
  3379 | D:5      | Reached XP level 7. HP: 16/60 MP: 10/10
  3723 | D:4      | HP: 3/60 [gnoll/+0 flail[a gnoll bouda] (3)]
  4107 | D:5      | Found an ancient bone altar of Kikubaaqudgha.
  4834 | D:6      | Shot with an arrow by a centaur

Illustrated notes

Levels and vault maps discovered:
D:1:      ncdulo_smallfort, layout_rooms, serial_shops, shop,
          grunt_decor_mini_mirrors
D:2:      layout_loops_ring, basic_altar
D:3:      layout_basic, minivault_27, small_statue_intersection,
          kennysheep_generic_room_15
D:4:      layout_basic
D:5:      layout_cave_pools, mainiacjoe_overflow_six_doors_small,
          bh_walls_and_bars
D:6:      layout_loops_ring

Skill      XL: |  1  2  3  4  5  6  7 |
---------------+----------------------+-----
Invocations    | 1 2 3 |  3.2
Long Blades    | 1 2 |  2.9
Axes           | 1 2 |  2.9
Maces & Flails | 1 2 |  2.9
Polearms       | 1 2 |  2.9
Staves         | 1 2 |  2.9
Ranged Weapons | 1 2 |  2.9
Armour         | 1 2 |  2.9
Dodging        | 1 2 |  2.9
Shields        | 1 2 |  2.9
Unarmed Combat | 1 2 |  2.9
Spellcasting   | 1 2 |  2.9
Evocations     | 1 2 |  2.9
Conjurations   | 1 2 |  2.3
Hexes          | 1 2 |  2.3
Summonings     | 1 2 |  2.3
Necromancy     | 1 2 |  2.3
Translocations | 1 2 |  2.3
Transmutations | 1 2 |  2.3
Fire Magic     | 1 2 |  2.3
Ice Magic      | 1 2 |  2.3
Air Magic      | 1 2 |  2.3
Earth Magic    | 1 2 |  2.3
Poison Magic   | 1 2 |  2.3
Stealth        | 3 |  3.8
Fighting       | 7 |  7.2
Short Blades   | 7 |  7.2
Throwing       | 7 |  7.2

Action                   |  1- 3 |  4- 6 |  7- 9 || total
-------------------------+-------+-------+-------++-------
Melee: Dagger            |   131 |   177 |    78 ||   386
       Bite              |    11 |    24 |     9 ||    44
       Punch             |     1 |     1 |       ||     2
Throw: Dart              |       |    26 |    18 ||    44
 Stab: Sleeping          |     7 |     4 |     2 ||    13
Armor: Leather armour    |    30 |    59 |    16 ||   105
Dodge: Dodged            |    50 |    62 |    52 ||   164

Table legend: (Time is in decaauts)
 A = Elapsed time spent in this place.
 B = Non-inter-level travel time spent in this place.
 C = Inter-level travel time spent in this place.
 D = Time resting spent in this place.
 E = Time spent auto-exploring this place.
 F = Levels seen in this place.
 G = Mean time per level.
                   A        B        C        D        E       F      G
               +--------+--------+--------+--------+--------+-----+--------+
         Total |   4690 |   4589 |    101 |   1059 |   2589 |   6 |  781.7 |
       Dungeon |   4690 |   4589 |    101 |   1059 |   2589 |   6 |  781.7 |
               +--------+--------+--------+--------+--------+-----+--------+

Top non-repeatable levels by time:
     D:4: 1326 daAuts
     D:5: 1061 daAuts
     D:3: 898 daAuts
     D:2: 750 daAuts
     D:1: 591 daAuts
     D:6: 62 daAuts
